TOP OF THE 1ST |
Lannister United Lionhearts batting - Pitching for Little Caesars Hot N Readys : RHP Sergio Gómez
|
Pitching: RHP Sergio Gómez
|
|
Batting: RHB Dejmi Dumervil
|
0-0: Ball 1-0: Ball 2-0: Foul Ball, location: 2F 2-1: Foul Ball, location: 2F 2-2: Ball 3-2: Base on Balls
|
Batting: RHB Gilberto Clemente
|
0-0: Called Strike 0-1: 2-RUN HOME RUN (Flyball, 9D), Distance : 391 ft
|
Batting: SHB Gerrie Bond
|
0-0: Called Strike 0-1: Ball 1-1: Ball 2-1: SINGLE (Line Drive, 56D)
|
Batting: RHB Mitsuhide Bando
|
0-0: Ball Gerrie Bond steals 2nd base 1-0: Called Strike 1-1: Ball 2-1: Called Strike 2-2: Foul Ball, location: 2F 2-2: Foul Ball, location: 2F 2-2: Fly out, F8 (Line Drive, 8LS)
|
Batting: LHB Dave Watts
|
0-0: Ball 1-0: Fly out, F7 (Flyball, 7LS)
|
Batting: SHB Miklos Elias
|
0-0: Ball 1-0: Ground out 6-3 (Groundball, 6)
|
Top of the 1st over - 2 runs, 2 hits, 0 errors, 1 left on base; Lannister United 2 - Little Caesars 0 |
BOTTOM OF THE 1ST |
Little Caesars Hot N Readys batting - Pitching for Lannister United Lionhearts : LHP Ismael Riddles
|
Pitching: LHP Ismael Riddles
|
|
Batting: LHB Nathan Housden
|
0-0: Fly out, F8 (Flyball, 8RD)
|
Batting: SHB Allen Pandey
|
0-0: Ball 1-0: Ground out 4-3 (Groundball, 4)
|
Batting: RHB Cornelio Japón
|
0-0: Swinging Strike 0-1: SINGLE (Line Drive, 56D)
|
Batting: LHB Manuel Estrada
|
0-0: Ball 1-0: Ball 2-0: Called Strike 2-1: Foul Ball, location: 2F 2-2: SINGLE (Groundball, 34D) Cornelio Japón to second Runner from 2nd tries for 3rd, SAFE, no throw
|
Batting: RHB Shelby Loudenslager
|
0-0: Called Strike 0-1: Ball 1-1: Fly out, F8 (Flyball, 8LM)
|
Bottom of the 1st over - 0 runs, 2 hits, 0 errors, 2 left on base; Lannister United 2 - Little Caesars 0 |
TOP OF THE 2ND |
Lannister United Lionhearts batting - Pitching for Little Caesars Hot N Readys : RHP Sergio Gómez
|
Batting: RHB Víctor Murguia
|
0-0: DOUBLE (Groundball, 5L)
|
Batting: RHB Gonzalo Vásquez
|
0-0: Ball 1-0: Ball 2-0: 2-RUN HOME RUN (Line Drive, 7LD), Distance : 369 ft
|
Batting: RHB Andy Garnet
|
0-0: SINGLE (Groundball, 6D)
|
Batting: RHB Dejmi Dumervil
|
0-0: Ball 1-0: Grounds into double play, 4-6-3 (Groundball, 4)
|
Batting: RHB Gilberto Clemente
|
0-0: Called Strike 0-1: Swinging Strike 0-2: Foul Ball, location: 2F 0-2: Fly out, F7 (Flyball, 7S)
|
Top of the 2nd over - 2 runs, 3 hits, 0 errors, 0 left on base; Lannister United 4 - Little Caesars 0 |
BOTTOM OF THE 2ND |
Little Caesars Hot N Readys batting - Pitching for Lannister United Lionhearts : LHP Ismael Riddles
|
Batting: SHB Robby Patterson
|
0-0: Called Strike 0-1: Swinging Strike 0-2: Strikes out looking
|
Batting: RHB Troy Ross
|
0-0: Ball 1-0: Ball 2-0: Ground out 6-3 (Groundball, 6S)
|
Batting: SHB Jorge Iglésias
|
0-0: Fly out, F6 (Line Drive, 6)
|
Bottom of the 2nd over - 0 runs, 0 hits, 0 errors, 0 left on base; Lannister United 4 - Little Caesars 0 |
TOP OF THE 3RD |
Lannister United Lionhearts batting - Pitching for Little Caesars Hot N Readys : RHP Sergio Gómez
|
Batting: SHB Gerrie Bond
|
0-0: Ball 1-0: Called Strike 1-1: Foul Ball, location: 2F 1-2: Foul Ball, location: 2F 1-2: SINGLE (Line Drive, 89S)
|
Batting: RHB Mitsuhide Bando
|
0-0: Fly out, F8 (Flyball, 8LM)
|
Batting: LHB Dave Watts
|
0-0: Ball 1-0: Ball 2-0: Called Strike 2-1: Fielders Choice at 2nd, 5-4 (Groundball, 56)
|
Batting: SHB Miklos Elias
|
0-0: Called Strike 0-1: DOUBLE (Groundball, 3L) Dave Watts to third Runner from 3rd tries for Home, SAFE, no throw
|
Batting: RHB Víctor Murguia
|
0-0: Ball 1-0: Called Strike 1-1: Foul Ball, location: 2F 1-2: Ball 2-2: Foul Ball, location: 2F 2-2: Ball 3-2: Base on Balls
|
Batting: RHB Gonzalo Vásquez
|
0-0: Ball 1-0: Ball 2-0: Called Strike 2-1: Ball 3-1: Foul Ball, location: 2F 3-2: Base on Balls Miklos Elias to third Víctor Murguia to second
|
Batting: RHB Andy Garnet
|
0-0: Called Strike 0-1: Foul Ball, location: 2F 0-2: SINGLE (Groundball, 56D) Miklos Elias scores Víctor Murguia to third Gonzalo Vásquez to second Runner from 3rd tries for Home, SAFE, throw made home
|
Batting: RHB Dejmi Dumervil
|
0-0: Swinging Strike 0-1: Ball 1-1: Foul Ball, location: 2F 1-2: Ball 2-2: Fly out, F5 (Popup, 5SF)
|
Top of the 3rd over - 3 runs, 3 hits, 0 errors, 2 left on base; Lannister United 7 - Little Caesars 0 |
BOTTOM OF THE 3RD |
Little Caesars Hot N Readys batting - Pitching for Lannister United Lionhearts : LHP Ismael Riddles
|
Batting: RHB Martin Dalling
|
0-0: Called Strike 0-1: Called Strike 0-2: Ball 1-2: Reached on error, E5 (Groundball, 56)
|
Batting: LHB Nathan Housden
|
0-0: Ball 1-0: Foul Ball, location: 2F 1-1: SINGLE (Line Drive, 56) Martin Dalling to third Runner from 3rd tries for Home, SAFE, no throw
|
Batting: SHB Allen Pandey
|
0-0: Called Strike 0-1: Ball 1-1: Ball 2-1: Ball 3-1: Fielders Choice at 2nd, 6-4 (Groundball, 56)
|
Batting: RHB Cornelio Japón
|
0-0: Ball 1-0: Ball 2-0: Ball 3-0: Called Strike 3-1: Swinging Strike 3-2: Base on Balls Allen Pandey to second
|
Batting: LHB Manuel Estrada
|
0-0: Called Strike Allen Pandey steals 3rd base Cornelio Japón to second 0-1: Called Strike 0-2: SINGLE (Groundball, 56D) Allen Pandey scores Cornelio Japón to third Runner from 3rd tries for Home, SAFE, no throw
|
Batting: RHB Shelby Loudenslager
|
0-0: SINGLE (Flyball, 7LS) Manuel Estrada to second
|
Batting: SHB Robby Patterson
|
0-0: Swinging Strike 0-1: Ball 1-1: SINGLE (Groundball, 6MD) Manuel Estrada to third Shelby Loudenslager to second Runner from 3rd tries for Home, SAFE, no throw
|
Batting: RHB Troy Ross
|
0-0: Called Strike 0-1: Foul Ball, location: 2F 0-2: Ball 1-2: Ball 2-2: Foul Ball, location: 2F 2-2: Ball 3-2: Fielders Choice at 2nd, 6-4 (Groundball, 6D) Shelby Loudenslager to third
|
Batting: SHB Jorge Iglésias
|
0-0: Fly out, F9 (Flyball, 89D)
|
Bottom of the 3rd over - 4 runs, 4 hits, 1 error, 2 left on base; Lannister United 7 - Little Caesars 4 |
TOP OF THE 4TH |
Lannister United Lionhearts batting - Pitching for Little Caesars Hot N Readys : RHP Sergio Gómez
|
Batting: RHB Gilberto Clemente
|
0-0: Called Strike 0-1: Swinging Strike 0-2: Strikes out swinging
|
Batting: SHB Gerrie Bond
|
0-0: DOUBLE (Flyball, 9LD)
|
Batting: RHB Mitsuhide Bando
|
0-0: Ball Passed Ball! Gerrie Bond to third 1-0: Called Strike 1-1: Ball 2-1: Called Strike 2-2: Strikes out swinging
|
Batting: LHB Dave Watts
|
0-0: Called Strike 0-1: Called Strike 0-2: Ball 1-2: Foul Ball, location: 2F 1-2: Foul Ball, location: 2F 1-2: Ball 2-2: Foul Ball, location: 2F 2-2: Ball 3-2: SINGLE (Line Drive, 4D) Gerrie Bond scores
|
Pitching: LHP Esteban Allucingoli
|
|
Batting: SHB Miklos Elias
|
0-0: Ball Dave Watts steals 2nd base 1-0: Foul Ball, location: 2F 1-1: Ground out 6-3 (Groundball, 6S)
|
Top of the 4th over - 1 run, 2 hits, 0 errors, 1 left on base; Lannister United 8 - Little Caesars 4 |
BOTTOM OF THE 4TH |
Little Caesars Hot N Readys batting - Pitching for Lannister United Lionhearts : LHP Ismael Riddles
|
Batting: RHB Martin Dalling
|
0-0: SINGLE (Flyball, 8RS)
|
Batting: LHB Nathan Housden
|
0-0: Fielders Choice at 2nd, 6-4 (Groundball, 56)
|
Batting: SHB Allen Pandey
|
0-0: Ball 1-0: Ground out 6-3 (Groundball, 6S) Nathan Housden to second
|
Batting: RHB Cornelio Japón
|
0-0: Called Strike 0-1: Ball 1-1: Hit by Pitch
|
Batting: LHB Manuel Estrada
|
0-0: SINGLE (Groundball, 3D) Nathan Housden to third Cornelio Japón to second Runner from 3rd tries for Home, SAFE, throw made home
|
Batting: RHB Shelby Loudenslager
|
0-0: Swinging Strike 0-1: Ground out 5-3 (Groundball, 56S)
|
Bottom of the 4th over - 1 run, 2 hits, 0 errors, 2 left on base; Lannister United 8 - Little Caesars 5 |
TOP OF THE 5TH |
Lannister United Lionhearts batting - Pitching for Little Caesars Hot N Readys : LHP Esteban Allucingoli
|
Batting: RHB Víctor Murguia
|
0-0: Called Strike 0-1: Called Strike 0-2: Ball 1-2: Ball 2-2: Strikes out swinging
|
Batting: RHB Gonzalo Vásquez
|
0-0: Called Strike 0-1: Called Strike 0-2: Ground out 2-3 (Groundball, 15S)
|
Batting: RHB Andy Garnet
|
0-0: Called Strike 0-1: Ball 1-1: Ball 2-1: Foul Ball, location: 2F 2-2: Foul Ball, location: 2F 2-2: Foul Ball, location: 2F 2-2: DOUBLE (Flyball, 78XD)
|
Batting: RHB Dejmi Dumervil
|
0-0: Intentional Walk
|
Batting: RHB Gilberto Clemente
|
0-0: Ball 1-0: Reached on error, E3 (Groundball, 34) Andy Garnet scores Dejmi Dumervil to third
|
Batting: SHB Gerrie Bond
|
0-0: Ball 1-0: Ball 2-0: Swinging Strike 2-1: Ground out 4-3 (Groundball, 4M)
|
Top of the 5th over - 1 run, 1 hit, 1 error, 2 left on base; Lannister United 9 - Little Caesars 5 |
BOTTOM OF THE 5TH |
Little Caesars Hot N Readys batting - Pitching for Lannister United Lionhearts : LHP Ismael Riddles
|
Batting: SHB Robby Patterson
|
0-0: Foul Ball, location: 2F 0-1: Ball 1-1: Ball 2-1: Ball 3-1: Base on Balls
|
Batting: RHB Troy Ross
|
0-0: Ball 1-0: Hit by Pitch Robby Patterson to second
|
Batting: SHB Jorge Iglésias
|
0-0: Ball 1-0: Ball 2-0: Ball 3-0: Called Strike 3-1: Sac Bunt - play at first, batter OUT! 3-4 Robby Patterson to third Troy Ross to second
|
Batting: RHB Martin Dalling
|
0-0: Ball 1-0: Foul Ball, location: 2F 1-1: Ground out 5-3 (Groundball, 56) Robby Patterson scores
|
Batting: LHB Nathan Housden
|
0-0: SINGLE (Line Drive, 8RS) Troy Ross to third
|
Batting: SHB Allen Pandey
|
0-0: Called Strike 0-1: Ball 1-1: Ball 2-1: Ball Nathan Housden is caught stealing 2nd base
|
Bottom of the 5th over - 1 run, 1 hit, 0 errors, 1 left on base; Lannister United 9 - Little Caesars 6 |
TOP OF THE 6TH |
Lannister United Lionhearts batting - Pitching for Little Caesars Hot N Readys : LHP Esteban Allucingoli
|
Batting: RHB Mitsuhide Bando
|
0-0: Ball 1-0: Ball 2-0: Called Strike 2-1: Fly out, F9 (Flyball, 9LSF)
|
Batting: LHB Dave Watts
|
0-0: Ball 1-0: Ball 2-0: SINGLE (Groundball, 34D)
|
Batting: SHB Miklos Elias
|
0-0: Called Strike 0-1: Ball 1-1: Ground out 5-3 (Groundball, 56S) Dave Watts to second
|
Batting: RHB Víctor Murguia
|
0-0: Swinging Strike 0-1: Ball 1-1: Called Strike 1-2: Foul Ball, location: 2F 1-2: Ball 2-2: Strikes out looking
|
Top of the 6th over - 0 runs, 1 hit, 0 errors, 1 left on base; Lannister United 9 - Little Caesars 6 |
BOTTOM OF THE 6TH |
Little Caesars Hot N Readys batting - Pitching for Lannister United Lionhearts : LHP Ismael Riddles
|
Pitching: LHP Hercules Mata'afa
|
|
Batting: SHB Allen Pandey
|
0-0: Ball 1-0: Ball 2-0: Ground out 5-3 (Groundball, 56)
|
Batting: RHB Cornelio Japón
|
0-0: Ground out U3 (Groundball, 3L)
|
Batting: LHB Manuel Estrada
|
0-0: Called Strike 0-1: Ball 1-1: Ground out 6-3 (Groundball, 6)
|
Bottom of the 6th over - 0 runs, 0 hits, 0 errors, 0 left on base; Lannister United 9 - Little Caesars 6 |
TOP OF THE 7TH |
Lannister United Lionhearts batting - Pitching for Little Caesars Hot N Readys : LHP Esteban Allucingoli
|
Batting: RHB Gonzalo Vásquez
|
0-0: Ball 1-0: Ball 2-0: Called Strike 2-1: Bunt for hit - play at first, batter OUT! 1-3
|
Batting: RHB Andy Garnet
|
0-0: Ball 1-0: Ball 2-0: Foul Ball, location: 2F 2-1: SINGLE (Line Drive, 89M)
|
Batting: RHB Dejmi Dumervil
|
0-0: Ball 1-0: Called Strike 1-1: Ball 2-1: Foul Ball, location: 2F 2-2: Ball 3-2: Base on Balls Andy Garnet to second
|
Batting: RHB Gilberto Clemente
|
0-0: Fly out, F6 (Line Drive, 6)
|
Batting: SHB Gerrie Bond
|
0-0: Called Strike 0-1: Foul Ball, location: 2F 0-2: Ball 1-2: Ball 2-2: Ground out 5-3 (Groundball, 56S)
|
Top of the 7th over - 0 runs, 1 hit, 0 errors, 2 left on base; Lannister United 9 - Little Caesars 6 |
BOTTOM OF THE 7TH |
Little Caesars Hot N Readys batting - Pitching for Lannister United Lionhearts : LHP Hercules Mata'afa
|
Now in LF: Manny García
|
|
Batting: RHB Shelby Loudenslager
|
0-0: Ball 1-0: Called Strike 1-1: Called Strike 1-2: Strikes out looking
|
Batting: SHB Robby Patterson
|
0-0: Foul Ball, location: 2F 0-1: Ball 1-1: Foul Ball, location: 2F 1-2: SINGLE (Groundball, 56D)
|
Batting: RHB Troy Ross
|
0-0: Ball 1-0: Foul Ball, location: 2F 1-1: TRIPLE (Line Drive, 8LXD) Robby Patterson scores
|
Batting: SHB Jorge Iglésias
|
0-0: Ball 1-0: Called Strike 1-1: Foul Ball, location: 2F 1-2: Ball 2-2: Ball 3-2: Base on Balls
|
Batting: RHB Martin Dalling
|
0-0: Fielders Choice at 2nd, 1-6 (Groundball, P)
|
Batting: LHB Nathan Housden
|
0-0: DOUBLE (Flyball, 78D) Troy Ross scores Martin Dalling to third Runner from 3rd tries for Home, SAFE, no throw
|
Pitching: LHP Doug Lane
|
|
Batting: SHB Allen Pandey
|
0-0: Ball 1-0: Called Strike 1-1: Ball 2-1: Swinging Strike 2-2: Fly out, F9 (Flyball, 89S)
|
Bottom of the 7th over - 3 runs, 3 hits, 0 errors, 1 left on base; Lannister United 9 - Little Caesars 9 |
TOP OF THE 8TH |
Lannister United Lionhearts batting - Pitching for Little Caesars Hot N Readys : LHP Esteban Allucingoli
|
Batting: RHB Mitsuhide Bando
|
0-0: Called Strike 0-1: Called Strike 0-2: Ball 1-2: SINGLE (Groundball, 6MD)
|
Pitching: LHP Mark Parker
|
|
Pinch Hitting: RHB Juan López
|
0-0: Called Strike 0-1: Ball 1-1: Foul Ball, location: 2F 1-2: Fly out, F8 (Line Drive, 8LM)
|
Pinch Hitting: RHB Craig Greene
|
0-0: Ball 1-0: Called Strike 1-1: Swinging Strike 1-2: Strikes out swinging
|
Batting: RHB Víctor Murguia
|
0-0: Ball 1-0: Foul Ball, location: 2F 1-1: Swinging Strike 1-2: Ball 2-2: Strikes out looking
|
Top of the 8th over - 0 runs, 1 hit, 0 errors, 1 left on base; Lannister United 9 - Little Caesars 9 |
BOTTOM OF THE 8TH |
Little Caesars Hot N Readys batting - Pitching for Lannister United Lionhearts : LHP Doug Lane
|
Now at 2B: Juan López
|
|
Batting: RHB Cornelio Japón
|
0-0: Ball
|
Now at 2B: Craig Greene
|
1-0: Called Strike 1-1: Swinging Strike 1-2: Fly out, F8 (Flyball, 78D)
|
Batting: LHB Manuel Estrada
|
0-0: Called Strike 0-1: Ball 1-1: Ground out 4-3 (Groundball, 4D)
|
Batting: RHB Shelby Loudenslager
|
0-0: Called Strike 0-1: Ball 1-1: Swinging Strike 1-2: Ball 2-2: Foul Ball, location: 2F 2-2: Foul Ball, location: 2F 2-2: Ground out 5-3 (Groundball, 56)
|
Bottom of the 8th over - 0 runs, 0 hits, 0 errors, 0 left on base; Lannister United 9 - Little Caesars 9 |
TOP OF THE 9TH |
Lannister United Lionhearts batting - Pitching for Little Caesars Hot N Readys : LHP Mark Parker
|
Pitching: RHP Morton Steele
|
|
Batting: RHB Gonzalo Vásquez
|
0-0: Ball 1-0: Foul Ball, location: 2F 1-1: Ball 2-1: Swinging Strike 2-2: Ball 3-2: Strikes out looking
|
Batting: RHB Andy Garnet
|
0-0: Ball 1-0: Foul Ball, location: 2F 1-1: Ball 2-1: Reached on error, E1 (Groundball, 13)
|
Batting: RHB Manny García
|
0-0: Called Strike 0-1: Called Strike 0-2: Ground out 6-3 (Groundball, 6M) Andy Garnet to third
|
Batting: RHB Gilberto Clemente
|
0-0: Ball 1-0: Swinging Strike 1-1: Called Strike 1-2: SINGLE (Groundball, 4MD) Andy Garnet scores
|
Batting: SHB Gerrie Bond
|
0-0: Swinging Strike 0-1: Ball 1-1: Ball 2-1: Foul Ball, location: 2F 2-2: Ball 3-2: Strikes out swinging
|
Top of the 9th over - 1 run, 1 hit, 1 error, 1 left on base; Lannister United 10 - Little Caesars 9 |
BOTTOM OF THE 9TH |
Little Caesars Hot N Readys batting - Pitching for Lannister United Lionhearts : LHP Doug Lane
|
Pitching: RHP Joy-shan Men
|
|
Now at C: Mareka Naidoo
|
|
Batting: SHB Robby Patterson
|
0-0: Ball 1-0: Foul Ball, location: 2F 1-1: Ball 2-1: Ball 3-1: Base on Balls
|
Pinch Runner at 1st Adam Jensson:
|
|
Batting: RHB Troy Ross
|
0-0: Ball 1-0: Ball 2-0: Ball 3-0: Called Strike 3-1: Foul Ball, location: 2F 3-2: SINGLE (Line Drive, 89S) Adam Jensson to second
|
Batting: SHB Jorge Iglésias
|
0-0: Ball 1-0: Bunted foul 1-1: Bunt - Flyout! F1
|
Pinch Hitting: SHB Quentin Harrop
|
0-0: Ball 1-0: Ball 2-0: Swinging Strike 2-1: Foul Ball, location: 2F 2-2: Foul Ball, location: 2F 2-2: Ball 3-2: Foul Ball, location: 2F 3-2: Ground out U3 (Groundball, 34S) Adam Jensson to third Troy Ross to second
|
Batting: LHB Nathan Housden
|
0-0: Called Strike 0-1: Ball 1-1: Ball 2-1: Called Strike 2-2: Foul Ball, location: 2F 2-2: SINGLE (Groundball, 6MD) Adam Jensson scores Troy Ross to third Runner from 3rd tries for Home, SAFE, no throw
|
Friday, March 29th, 2019 - OOTP Baseball 18.8 Build 76
|
|